AoeStats
← [PLGRS]socrates'11

African Clearing

506015503Analyzed
3v3 RM · 20d ago on Sep 12, 2026· 44m 18s· 6 players
Game mode
Random Map
Map size
Normal (6 player)
Population
200
Speed
Normal
Resources
Standard
Victory
Conquest
Starting age
Dark Age
Ending age
Imperial Age
RankedLock teamsTeams togetherTeam positionsShared explorationLock speedFull tech treeHidden civsTurbo modeCheats
Victory
Defeat
🇨🇴 Hindustanis · Colombia
1058
+11
🇨🇴 Koreans · Colombia
1001
+13
🇨🇴 Mapuche · Colombia
961
+15
🇺🇸 Mongols · United States
943
-13
🇺🇸 Huns · United States
936
-13
🇺🇸 Persians · United States
935
-13
[PLGRS]SahaFresh
5:28 Loom
16:15 Feudal Age
16:53 Double-Bit Axe
16:50 Horse Collar
26:56 Castle Age
25:46 Scale Barding Armor
27:11 Forging
26:55 Fletching
27:06 Scale Mail Armor
27:07 Padded Archer Armor
28:18 Pikeman
32:03 Light Cavalry
32:54 Bloodlines
37:05 Husbandry
37:49 Murder Holes
40:59 Imperial Age
39:21 Ballistics
39:00 Bodkin Arrow
39:21 Leather Archer Armor
40:53 Chain Barding Armor
40:16 Crossbowman
41:02 Thumb Ring
41:24 Halberdier
42:56 Kamandaran
[PLGRS]socrates'11
11:11 Loom
15:19 Feudal Age
13:34 Loom
16:04 Double-Bit Axe
20:10 Castle Age
18:06 Horse Collar
21:44 Forging
27:06 Fletching
28:15 Scale Barding Armor
28:44 Heavy Plow
31:08 Gold Mining
32:40 Gold Shaft Mining
34:28 Wheelbarrow
38:10 Stone Mining
39:35 Bow Saw
42:21 Bloodlines
44:11 Iron Casting
43:14 Pikeman
[PLGRS]MrMeseeks
11:55 Loom
14:55 Feudal Age
20:24 Castle Age
20:27 Horse Collar
40:01 Pikeman
42:44 Elite Skirmisher
ojkarq87
3:49 Loom
13:12 Feudal Age
13:46 Man-at-Arms
19:21 Castle Age
19:27 Crossbowman
21:08 Thumb Ring
21:03 Pikeman
22:01 Double-Bit Axe
23:46 Fletching
25:05 Bodkin Arrow
28:37 Ballistics
36:20 Town Watch
42:19 Imperial Age
41:45 Wheelbarrow
41:51 Scale Mail Armor
42:01 Forging
41:45 Gold Mining
41:45 Stone Mining
42:09 Town Patrol
44:14 Chemistry
42:37 Arbalester
43:19 Bracer
43:45 Hand Cart
44:36 Iron Casting
44:17 Chain Mail Armor
45:03 Conscription
B4rTTo
11:06 Loom
13:19 Feudal Age
13:37 Man-at-Arms
14:39 Double-Bit Axe
17:29 Bloodlines
18:16 Scale Barding Armor
23:36 Castle Age
22:44 Forging
24:43 Husbandry
25:25 Iron Casting
25:10 Chain Barding Armor
28:15 Bow Saw
32:33 Wheelbarrow
31:43 Town Watch
36:05 Horse Collar
37:58 Grand Trunk Road
38:19 Heavy Plow
42:20 Imperial Age
40:53 Hand Cart
40:38 Town Patrol
44:40 Blast Furnace
44:15 Plate Barding Armor
44:12 Heavy Camel Rider
Mauricio5555
9:23 Loom
13:10 Feudal Age
14:02 Double-Bit Axe
14:06 Horse Collar
17:39 Champi Runner
21:39 Scale Mail Armor
26:18 Castle Age
25:28 Gold Mining
26:29 Pikeman
34:50 Forging
38:40 Champi Warrior
44:46 Chain Mail Armor
Connection lost

Rejoining the realm…

Still unreachable

The connection could not be restored.

Session expired

The server has moved on; the page needs a fresh start.